 Dungeon Crawl Stone Soup version 0.31.0-7-gf635a9b802 (webtiles) character file.

Game seed: 4391441058250085155

174 sasquatch the Magician (level 5, -6/42 HPs)
             Began as a Djinni Fire Elementalist on Jan 23, 2024.
             Mangled by a gnoll bouda
             ... wielding a +0 whip
              (8 damage)
             ... on level 4 of the Dungeon.
             The game lasted 00:05:18 (2393 turns).

sasquatch the Magician (Djinni Fire Elementalist)   Turns: 2393, Time: 00:05:18

Health: -6/42      AC:  5    Str:  7    XL:     5   Next: 84%
Gold:   228        EV: 12    Int: 18    God:
                   SH:  0    Dex: 14

rFire   + + .        b - +0 long sword
rCold   x . .        (no shield)
rNeg    . . .        a - +0 robe
rPois   ∞            j - +2 hat
rElec   .            n - +0 cloak
rCorr   .            (no gloves)
SInv    +            (boots unavailable)
Will    +....        (no amulet)
Stlth   +            i - ring of willpower
HPRegen 0.27/turn    l - ring of see invisible
MPRegen 0.00/turn

%: infuse magic (-7 HP)
@: on fire, weakened, flying, very slightly contaminated, glowing, studying
Throwing
A: sickness immunity, fire resistance 2, cold vulnerability 1, float, innate
caster, HP casting, extra vitality 1, see invisible, robust 1
a: no special abilities


You were on level 4 of the Dungeon.
You visited 1 branch of the dungeon, and saw 4 of its levels.

You collected 228 gold pieces.

Inventory:

Hand Weapons
 b - a +0 long sword (weapon)
Missiles
 f - 19 poisoned darts
Armour
 a - a +0 robe (worn)
 j - a +2 hat (worn)
 n - a +0 cloak (worn)
Jewellery
 i - a ring of willpower (left hand)
 l - a ring of see invisible (right hand)
 m - a +6 ring of strength
Wands
 s - a wand of iceblast (8)
Scrolls
 c - a scroll of vulnerability {unknown}
 d - 2 scrolls of identify {unknown}
 g - 3 scrolls of teleportation {unknown}
 k - a scroll of fog {unknown}
 o - a scroll of acquirement {unknown}
 p - a scroll of enchant armour {unknown}
 q - a scroll of revelation {unknown}
Potions
 e - 2 potions of mutation
 h - a potion of heal wounds {unknown}
 r - a potion of might {unknown}


   Skills:
 + Level 2.6 Fighting
 - Level 2.1 Dodging
 - Level 1.5 Stealth
 * Level 4.6 Spellcasting
 * Level 4.6 Conjurations
 * Level 4.6 Hexes
   Level 0.0 Charms
 * Level 4.6 Summonings
 * Level 4.6 Necromancy
 * Level 4.6 Translocations
   Level 0.0 Transmutations
 * Level 4.6 Fire Magic
 * Level 4.6 Ice Magic
 * Level 4.6 Air Magic
 * Level 4.6 Earth Magic
 * Level 4.6 Alchemy


You knew the following spells:

 Your Spells              Type           Power      Damage    Failure   Level
a - Foxfire               Conj/Fire      80%        2x1d8     1%          1
b - Scorch                Fire           40%        2d6       3%          2
c - Volatile Blastmotes   Fire/Tloc      40%        2d13      6%          3
d - Inner Flame           Hex/Fire       20%        N/A       6%          3
e - Flame Wave            Conj/Fire      20%        2d7       21%         4
f - Summon Small Mammal   Summ           80%        N/A       1%          1
g - Static Discharge      Conj/Air       40%        3-5/arc   3%          2
Your spell library was empty.

Dungeon Overview and Level Annotations

Branches:
Dungeon (4/15)
 Temple: D:4-7

Altars:

Shops:
D:4 (


Innate Abilities, Weirdness & Mutations

You are immune to sickness and miasma.
You are immune to poison.
Your flesh is very heat resistant. (rF++)
You are vulnerable to cold. (rC-)
You float through the air rather than walking.
You learn spells naturally, not from books.
Your magical power is your life essence.
You have superior vitality. (+4 MHP)
You have supernaturally acute eyesight. (SInv)
You are robust. (+10% HP)


Message History

You are very lightly contaminated with residual magic.
Nothing appears to happen.
The foxfire hits the gnoll.
You kill the gnoll!
The foxfire hits the gnoll bouda but does no damage.
The bombardier beetle sprays incendiary fluid at you.
The burning spray hits you.
You are covered in liquid fire!
The gnoll bouda gazes fiercely through you!
You feel your attacks grow feeble.
Casting: Foxfire (safe; 1% risk of failure)
Press: ? - help, Q - select action, (/) - cycle Dir - look around, f - activate You conjure some foxfire!
The liquid fire burns you!
The gnoll hits you from afar with a +0 spear!
The gnoll bouda barks out a call to the hunt!
The gnoll picks up the pace!
Your foxfire dissipates!
You shake off some of the fire as you move.
The liquid fire burns you!
The foxfire hits the gnoll but does no damage.
The gnoll hits you from afar with a +0 spear.
* * * LOW HITPOINT WARNING * * *
The gnoll bouda gazes fiercely through you!
You feel as though you will be weak longer.
The gnoll bouda hits you with a +0 whip.
* * * LOW HITPOINT WARNING * * *
A gnoll comes into view. It is wielding a +0 flail.
You shake off some of the fire as you move.
The liquid fire burns you!
* * * LOW HITPOINT WARNING * * *
The bombardier beetle waves its antennae.
The gnoll completely misses you.
Unknown command.
Okay, then.
It was a potion of mutation.
You feel extremely strange.
Your vision sharpens.
You feel robust. The liquid fire burns you!
* * * LOW HITPOINT WARNING * * *
The gnoll bouda hits you with a +0 whip!
You die...

# #.# #.####.# .g..#.##### .
#.......# .. #.## .... # #.B#
..... #.##g####.....
#.g...#...#... #.#.#
####.g@....... .##.#.# #.
#.##.#..### ...... #..###.......#
##.... ###
#......#.#....#####...## ..#
####...#.#.##.#.........
..###########.#...# ##.#.........
........##......###.#......##....
#...............#...#.........##.
#.................##....#.######.


You could see a gnoll bouda, a bombardier beetle and 2 gnolls.

Vanquished Creatures
  A bombardier beetle (D:4)
  A sleepcap (D:4)
  2 adders
  2 gnolls (D:4)
  2 dart slugs
  An orc (D:3)
  9 endoplasms
  5 giant cockroaches
  3 hobgoblins
  6 jackals (D:1)
  5 kobolds
  6 quokkas
  5 ball pythons
  9 bats
  2 frilled lizards
  3 goblins
  6 rats
68 creatures vanquished.

Vanquished Creatures (others)
  201 foxfires
201 creatures vanquished.

Grand Total: 269 creatures vanquished

Notes
Turn   | Place    | Note
-------+----------+-------------------------------------------
     0 | D:1      | sasquatch the Djinni Fire Elementalist began the quest for
                  | the Orb.
     0 | D:1      | sasquatch set off with the following spells memorised:
                  | Foxfire, Scorch, Volatile Blastmotes, Inner Flame, Flame
                  | Wave.
     0 | D:1      | Reached XP level 1. HP: 15/15 MP: 0/0
   143 | D:1      | Reached XP level 2. HP: 21/22 MP: 0/0
   405 | D:1      | Reached skill level 1 in Fighting
   773 | D:1      | Reached XP level 3. HP: 24/27 MP: 0/0
   773 | D:1      | Learned a level 1 spell: Summon Small Mammal
  1295 | D:2      | Found a faded altar of an unknown god.
  1299 | D:2      | Reached XP level 4. HP: 29/32 MP: 0/0
  1313 | D:2      | You are sucked into a shaft and drop 1 floor!
  2058 | D:4      | Reached XP level 5. HP: 19/38 MP: 0/0
  2058 | D:4      | Learned a level 2 spell: Static Discharge
  2332 | D:4      | Found Fuoluj's Antique Weapon Emporium.
  2393 | D:4      | Gained mutation: You have supernaturally acute eyesight.
                  | (SInv) [potion of mutation]
  2393 | D:4      | Gained mutation: You are robust. (+10% HP) [potion of
                  | mutation]
  2393 | D:4      | HP: 2/42 [burnt (1)]
  2393 | D:4      | Mangled by a gnoll bouda

Illustrated notes

Levels and vault maps discovered:
D:1:      lemuel_arrival_rhombus, layout_basic
D:2:      layout_loops_ring, hellmonk_ecumenical_altar_run_dry,
          chequers_serial_rivers_micro_d
D:3:      layout_basic, old_standard_altar, grunt_ministairs_2,
          minmay_misc_feat_nine_boxes
D:4:      layout_rooms, cheibrodos_sewer_entry_bend, serial_shops, shop

Skill      XL: |  1  2  3  4 |
---------------+-------------+-----
Fighting       | 1 2 |  2.6
Spellcasting   | 4 |  4.6
Conjurations   | 4 |  4.6
Hexes          | 4 |  4.6
Summonings     | 4 |  4.6
Necromancy     | 4 |  4.6
Translocations | 4 |  4.6
Fire Magic     | 4 |  4.6
Ice Magic      | 4 |  4.6
Air Magic      | 4 |  4.6
Earth Magic    | 4 |  4.6
Alchemy        | 4 |  4.6
Dodging        | |  2.1
Stealth        | |  1.5

Action                     |  1- 3 |  4- 6 || total
---------------------------+-------+-------++-------
  Melee: Long sword        |     3 |       ||     3
   Cast: Foxfire           |    55 |    68 ||   123
         Scorch            |     6 |    12 ||    18
    Use: Potion            |       |     1 ||     1
 Armour: Robe              |     8 |    14 ||    22
  Dodge: Dodged            |    12 |    12 ||    24
